 Dungeon Crawl Stone Soup version 0.27.1-2-g3b301248ec (webtiles) character file.

Game seed: 13106022755023700016

18 babuloseo the Shooter (level 2, 22/22 HPs)
             Began as a Human Hunter on Sept 25, 2021.
             Was a Follower of Fedhas.
             Quit the game on level 1 of the Dungeon.
             The game lasted 00:00:49 (754 turns).

babuloseo the Shooter (Human Hunter)                 Turns: 754, Time: 00:00:49

Health: 22/22      AC:  3    Str: 12    XL:     2   Next: 90%
Magic:  2/2        EV: 12    Int: 11    God:    Fedhas [*.....]
Gold:   7          SH:  0    Dex: 13    Spells: 1/1 levels left

rFire    . . .     SeeInvis .   a - +1 shortbow
rCold    . . .     Faith    .   (shield currently unavailable)
rNeg     . . .     Spirit   .   c - +0 leather armour
rPois    .         Reflect  .   (no helmet)
rElec    .         Harm     .   (no cloak)
rCorr    .         Rampage  .   (no gloves)
Will     .....                  (no boots)
Stlth    +.........             (no amulet)
HPRegen  0.07/turn              (no ring)
MPRegen  0.08/turn              (no ring)

@: no status effects
A: no striking features
a: Renounce Religion


You were on level 1 of the Dungeon.
You worshipped Fedhas.
Fedhas was aware of your devotion.
You visited 1 branch of the dungeon, and saw 1 of its levels.

You collected 7 gold pieces.

Inventory:

Hand Weapons
 a - a +1 shortbow (weapon)
 b - a +0 short sword
Missiles
 d - 14 arrows (quivered ammo)
Armour
 c - a +0 leather armour (worn)
Jewellery
 f - an amulet of faith
Scrolls
 g - a scroll of fear {unknown}
 h - a scroll of amnesia {unknown}
Potions
 e - a potion of cancellation {unknown}


   Skills:
 + Level 2.2 Fighting
 + Level 4.5 Bows
 + Level 0.1 Armour
 + Level 2.1 Dodging
 + Level 1.0 Stealth


You had one spell level left.
You didn't know any spells.
Your spell library contained the following spells:

 Spells                   Type           Power      Damage    Failure   Level
 Conjure Flame            Conj/Fire      0%         6-21      80%         3
 Ignite Poison            Fire/Tmut/Pois 0%         N/A       80%         3
 Sticky Flame             Conj/Fire      0%         2d3       99%         4


Dungeon Overview and Level Annotations

Branches:
Dungeon (1/15)

Altars:
Fedhas


Message History

The hobgoblin is moderately wounded.
A hobgoblin is nearby!
A hobgoblin is nearby!
You shoot an arrow.
The arrow hits the hobgoblin but does no damage.
The hobgoblin is moderately wounded.
You shoot an arrow.
The arrow hits the hobgoblin but does no damage.
The hobgoblin is moderately wounded.
A hobgoblin is nearby!
You shoot an arrow. The arrow barely misses the hobgoblin.
A hobgoblin is nearby!
You shoot an arrow. The arrow barely misses the hobgoblin.
The hobgoblin misses you.
A hobgoblin is nearby!
You shoot an arrow. The arrow barely misses the hobgoblin.
The hobgoblin hits you.
A hobgoblin is nearby!
You shoot an arrow. The arrow hits the hobgoblin.
You kill the hobgoblin!
Fedhas appreciates your contribution to the ecosystem.
d - 10 arrows (gained 3)
d - 11 arrows (gained 1)
d - 12 arrows (gained 1)
d - 13 arrows (gained 1)
d - 14 arrows (gained 1) Done exploring.
No target in view!
Done exploring.
No target in view!
Done exploring.
Done exploring.
No target in view!
Done exploring.
No target in view!
Done exploring.
No target in view!
Done exploring.
Okay, then.
Are you sure you want to abandon this character and quit the game? (Confirm with "yes".)

######### #.#.#
#.♣# #♣..#
#.#.####..♣♣♣...#
###.#....#.......##
#..[####...#######
#.#..†...###
#.#..##### #.##...#
#.####.###
#.@..#...#
###.####.# #.# #.#
#.# #.# #.####.#
#......# ###.####
#.# ###


There were no monsters in sight!

Vanquished Creatures
  3 endoplasms (D:1)
  2 goblins (D:1)
  A hobgoblin (D:1)
  3 kobolds (D:1)
  4 ball pythons (D:1)
  A bat (D:1)
  2 frilled lizards (D:1)
  2 rats (D:1)
18 creatures vanquished.

Notes
Turn   | Place    | Note
-------+----------+-------------------------------------------
     0 | D:1      | babuloseo the Human Hunter began the quest for the Orb.
     0 | D:1      | Reached XP level 1. HP: 16/16 MP: 1/1
   233 | D:1      | Reached XP level 2. HP: 22/22 MP: 2/2
   478 | D:1      | Found a faded altar of an unknown god.
   557 | D:1      | Found a faded altar of an unknown god.
   565 | D:1      | Became a worshipper of Fedhas Madash
   565 | D:1      | Reached * piety under Fedhas
   754 | D:1      | Quit the game

Illustrated notes

Levels and vault maps discovered:
D:1:      lightli_arrival_boilingwater, layout_basic,
          hellmonk_ecumenical_altar_the_god_not_taken, minmay_stone_trees_small,
          palyth_stone_intersect, minmay_pentomino_u2

Action                   || total
-------------------------++-------
 Fire: Shortbow          ||    44
Armor: Leather armour    ||     5
Dodge: Dodged            ||     4
